 Dungeon Crawl Stone Soup version 0.32-a0-42-ga30500b (webtiles) character file.

Game seed: 17748443570312068833

565 Dorkslayer the Ruffian (level 7, -3/44 HPs)
             Began as an Octopode Shapeshifter on Jan 27, 2024.
             Slain by an ice beast (13 damage)
             ... on level 5 of the Dungeon.
             The game lasted 00:08:33 (3329 turns).

Dorkslayer the Ruffian (Octopode Shapeshifter)      Turns: 3329, Time: 00:08:34

Health: -3/44      AC:  1    Str: 15    XL:     7   Next: 32%
Magic:  7/7        EV: 13    Int: 12    God:
Gold:   188        SH:  0    Dex: 12    Spells: 6/6 levels left

rFire   . .          .
                       - Unarmed
rCold   . . .        (no shield)
rNeg    . . .        (helmet currently unavailable)
rPois   .            (no amulet)
rElec   .            (no ring)
rCorr   .            (no ring)
SInv    .            (no ring)
Will    .....        (no ring)
Stlth   +++          (no ring)
HPRegen 0.27/turn    (no ring)
MPRegen 0.10/turn    (no ring)
                     (no ring)

%: no passive effects
@: beast-form
A: beast (slay +2), almost no armour, amphibious, 8 rings, camouflage 1,
gelatinous body 1, (nimble swimmer 1), tentacles
a: Begin Untransformation


You were on level 5 of the Dungeon.
You were a hulking beast.
You visited 1 branch of the dungeon, and saw 5 of its levels.

You collected 188 gold pieces.

Inventory:

Jewellery
 l - a +6 ring of dexterity
Talismans
 b - a beast talisman
 c - a flux talisman
Wands
 m - a wand of iceblast (3)
Scrolls
 f - a scroll of amnesia {unknown}
 h - a scroll of teleportation
 i - a scroll of fear {unknown}
 j - 2 scrolls of identify {unknown}
 p - a scroll of revelation {unknown}
Potions
 a - a potion of lignification
 d - 3 potions of curing {unknown}
 e - 2 potions of heal wounds {unknown}
 g - 2 potions of might {unknown}
 k - a potion of brilliance {unknown}
 n - 2 potions of resistance {unknown}
 o - a potion of ambrosia {unknown}


   Skills:
 + Level 1.7 Fighting
 + Level 2.8 Dodging
 + Level 3.9 Stealth
 * Level 6.3 Unarmed Combat
 * Level 1.7 Evocations
 + Level 3.8 Shapeshifting


You had 6 spell levels left.
You didn't know any spells.
Your spell library contained the following spells:

 Spells                   Type           Power      Damage    Failure   Level
 Sting                    Conj/Alch      0%         1d3       32%         1
 Lesser Beckoning         Tloc           0%         N/A       45%         2
 Mercury Vapours          Alch/Air       0%         N/A       45%         2
 Gell's Gravitas          Tloc           0%         N/A       69%         3
 Teleport Other           Tloc           0%         N/A       69%         3
 Anguish                  Hex/Necr       0%         N/A       97%         4
 Leda's Liquefaction      Alch/Erth      0%         N/A       97%         4


Dungeon Overview and Level Annotations

Branches:
Dungeon (5/15)
 Temple: D:4-7

Altars:
Cheibriados
Makhleb
Qazlal

Shops:
D:1 [   D:2 (


Innate Abilities, Weirdness & Mutations

You are a hulking beast.
Your limbs bulge with bestial killing power. (Slay +2)
You cannot wear most types of armour.
You are amphibious.
You can wear up to eight rings at the same time.
Your skin changes colour to match your surroundings (Stealth+).
Your rubbery body absorbs attacks. (AC +1, EV +1)
((You are camouflaged when in or above water. (Stealth+)))
You have tentacles for arms and can constrict up to eight enemies at once.


Message History

The ufetubus barely misses you. The ufetubus hits you.
You closely miss the ufetubus. Your grab misses the ufetubus.
You squeeze the ufetubus.
The ufetubus is severely wounded.
The ufetubus completely misses you. The ufetubus misses you.
You closely miss the ufetubus. You grab the ufetubus. You squeeze the ufetubus.
You kill the ufetubus!
g - 2 fuming red potions (gained 1)
An ice beast comes into view.
You tentacle-slap the ice beast. x2
The ice beast is lightly wounded.
The ice beast hits you. The ice beast freezes you!
You tentacle-slap the ice beast but do no damage.
The ice beast is lightly wounded.
The ice beast hits you. The ice beast freezes you.
You tentacle-slap the ice beast.
The ice beast is lightly wounded.
The ice beast barely misses you.
You closely miss the ice beast.
You tentacle-slap the ice beast, but do no damage.
You squeeze the ice beast!
The ice beast is heavily wounded.
The ice beast misses you.
You bludgeon the ice beast! Your squeeze misses the ice beast.
The ice beast is severely wounded.
The ice beast hits you. The ice beast freezes you!
* * * LOW HITPOINT WARNING * * *
You closely miss the ice beast. You squeeze the ice beast.
The ice beast is almost dead.
The ice beast misses you.
You tentacle-slap the ice beast but do no damage.
You tentacle-slap the ice beast.
The ice beast is almost dead.
The ice beast barely misses you.
You barely miss the ice beast. Your squeeze misses the ice beast.
The ice beast is almost dead.
The ice beast hits you.
* * * LOW HITPOINT WARNING * * *
The ice beast freezes you!
You die...

.##...#
#.................
.# ...#
#.......##.#####..
.# #...#
#.......##.# .#
.#.# #.......##.#
.# ..
..########..# #.
##.## ###..#
#...## #h### #.Y#
...## ..... ##.#..
#.... ###.. ...


You could see an ice beast.

Vanquished Creatures
  A black bear (D:4)
  3 scorpions
  A howler monkey (D:4)
  2 hounds (D:4)
  A gnoll bouda (D:4)
  2 iguanas
  2 adders
  2 ufetubi (D:5)
  2 ribbon worms
  2 dart slugs
  2 orcs (D:4)
  7 bats (D:1)
  8 endoplasms
  A giant cockroach (D:1)
  5 hobgoblins
  11 jackals
  3 quokkas
  8 ball pythons
  3 frilled lizards
  4 goblins
  6 kobolds
  5 rats
81 creatures vanquished.

Notes
Turn   | Place    | Note
-------+----------+-------------------------------------------
     0 | D:1      | Dorkslayer the Octopode Shapeshifter began the quest for
                  | the Orb.
     0 | D:1      | Reached XP level 1. HP: 13/13 MP: 1/1
   226 | D:1      | Reached XP level 2. HP: 15/18 MP: 2/2
   440 | D:1      | Found Nejuilick's Armour Emporium.
   595 | D:1      | Reached XP level 3. HP: 21/23 MP: 3/3
   691 | D:1      | Reached skill level 1 in Stealth
  1067 | D:2      | Found Dyargh's Antique Weapon Boutique.
  1278 | D:2      | Found a faded altar of an unknown god.
  1622 | D:3      | Reached skill level 4 in Unarmed Combat
  1732 | D:3      | Found a stormy altar of Qazlal.
  1828 | D:3      | Reached XP level 4. HP: 22/28 MP: 4/4
  2198 | D:4      | Found a snail-covered altar of Cheibriados.
  2202 | D:4      | Reached XP level 5. HP: 5/33 MP: 5/5
  2450 | D:4      | Reached skill level 5 in Unarmed Combat
  2495 | D:4      | Reached XP level 6. HP: 35/38 MP: 6/6
  2527 | D:4      | Identified the +5 ring mail "Husafo" {Str+2}
  2534 | D:4      | Got the Thoughts on Macabre Concoctions
  2688 | D:4      | Noticed a black bear
  2692 | D:4      | Killed a black bear
  2704 | D:4      | Found a burning altar of Makhleb.
  2748 | D:4      | Reached skill level 1 in Evocations
  2873 | D:4      | Reached XP level 7. HP: 32/43 MP: 7/7
  2878 | D:4      | Reached skill level 6 in Unarmed Combat
  3123 | D:5      | Entered Level 5 of the Dungeon
  3329 | D:5      | Slain by an ice beast

Illustrated notes

Levels and vault maps discovered:
D:1:      minmay_arrival_doors, layout_loops_ring, serial_shops,
          nicolae_shop_statue_plus
D:2:      layout_loops_corners, basic_ecumenical_altar, serial_shops,
          nicolae_shop_tiny_glass, minmay_misc_feat_more_columns
D:3:      layout_loops_ring, nicolae_qazlal_general_emergency
D:4:      minmay_bubble_buster, layout_rooms, mainiacjoe_overflow_catwalk,
          mainiacjoe_overflow_24_doors, minmay_bisected
D:5:      layout_rooms, minmay_temple_entry_fiery

Skill      XL: |  1  2  3  4  5  6  7 |
---------------+----------------------+-----
Stealth        | 1 2 3 |  3.9
Unarmed Combat | 4 5 6 |  6.3
Evocations     | 1 |  1.7
Fighting       | |  1.7
Dodging        | |  2.8
Shapeshifting  | |  3.8

Action                     |  1- 3 |  4- 6 |  7- 9 || total
---------------------------+-------+-------+-------++-------
  Melee: Unarmed           |    76 |    59 |    34 ||   169
         Constrict         |    17 |    18 |     5 ||    40
         Tentacles         |    11 |    13 |     6 ||    30
         Punch             |     2 |     1 |     5 ||     8
  Evoke: Wand              |       |     3 |       ||     3
    Use: Scroll            |     1 |     1 |       ||     2
   Stab: Sleeping          |     5 |     7 |       ||    12
 Armour: Skin              |    35 |    22 |    18 ||    75
  Dodge: Dodged            |    42 |    29 |    21 ||    92

Table legend: (Time is in decaauts)
 A = Elapsed time spent in this place.
 B = Non-inter-level travel time spent in this place.
 C = Inter-level travel time spent in this place.
 D = Time resting spent in this place.
 E = Time spent auto-exploring this place.
 F = Levels seen in this place.
 G = Mean time per level.
                   A        B        C        D        E       F      G
               +--------+--------+--------+--------+--------+-----+--------+
         Total |   3315 |   3315 |      0 |    105 |   2023 |   5 |  663.0 |
       Dungeon |   3315 |   3315 |      0 |    105 |   2023 |   5 |  663.0 |
               +--------+--------+--------+--------+--------+-----+--------+

Top non-repeatable levels by time:
     D:4: 982 daAuts
     D:1: 787 daAuts
     D:2: 769 daAuts
     D:3: 572 daAuts
     D:5: 202 daAuts
